 Dungeon Sprint DCSS version 0.30.1-8-g117510f58f (webtiles) character file.

Game seed: 15640565347119219949

21583 Heoruswealwe the Phalangite (level 12, -1/132 HPs)
             Began as a Minotaur Fighter on Sept 22, 2023.
             Was the Champion of the Shining One.
             Slain by a white very ugly thing (34 damage)
             ... in the Dungeon (Sprint IX: "|||||||||||||||||||||||||||||").
             The game lasted 00:25:11 (2087 turns).

Heoruswealwe the Phalangite (Minotaur Fighter)      Turns: 2087, Time: 00:25:14

Health: -1/132     AC: 29    Str: 27    XL:     12   Next: 55%
Magic:  11/11      EV:  9    Int:  5    God:    the Shining One [******]
Gold:   908        SH:  0    Dex:  9    Spells: 8/11 levels left

rFire   + . .        b - +3 halberd (protect)
rCold   . . .        (shield currently unavailable)
rNeg    + + +        c - +0 storm dragon scales
rPois   +            (helmet restricted)
rElec   +            h - +0 cloak
rCorr   .            (no gloves)
SInv    .            e - +0 pair of boots
Will    .....        (no amulet) Stlth
                     k - ring of poison resistance
HPRegen 0.42/turn    j - ring of protection from fire
MPRegen 0.12/turn

%: no teleportation
@: under a protective aura, glowing
A: horns 2, retaliatory headbutt
a: Renounce Religion, Divine Shield, Cleansing Flame, Summon Divine Warrior,
Brand Weapon With Holy Wrath


You were in the Dungeon.
You worshipped the Shining One.
The Shining One was exalted by your worship.
You visited 1 branch You collected 1903 gold pieces.
You spent 995 gold pieces at shops.

Inventory:

Hand Weapons
 a - a +0 trident
 b - a +3 halberd of protection (weapon)
 q - a +0 glaive
 w - the +9 staff of Olgreb {rPois∞}
   (You found it in the Dungeon)

   It enhances your poison magic.
   It grants immunity to poison.
   It can be activated via the 'a'bility menu to radiate toxic energy, with
   effectiveness depending on Evocations skill.
Armour
 c - +0 storm dragon scales (worn)
 d - a +0 buckler
 e - a +0 pair of boots (worn)
 h - a +0 cloak (worn)
Jewellery
 j - a ring of protection from fire (right hand)
 k - a ring of poison resistance (left hand)
 t - a ring of protection from fire
Wands
 l - a wand of acid (10)
Scrolls
 n - 9 scrolls of enchant weapon
 s - 3 scrolls of blinking
 x - 2 scrolls of enchant armour
Potions
 f - 3 potions of mutation
 g - 2 potions of haste
 i - 3 potions of berserk rage
 m - 2 potions of heal wounds
 o - 2 potions of might
 p - 9 potions of curing
 r - a potion of cancellation
 u - a potion of flight
 v - a potion of resistance


   Skills:
 + Level 19.8 Fighting
 * Level 26.5 Polearms
 + Level 19.8 Armour
 - Level 3.6 Shields


You had 8 spell levels left.
You knew the following spells:

 Your Spells              Type           Power      Damage    Failure   Level
a - Ignite Poison         Fire/Tmut/Pois 0%         N/A       99%         3

Your spell library contained the following spells:

 Spells                   Type           Power      Damage    Failure   Level
 Foxfire                  Conj/Fire      0%         2x1d4     83%         1
 Hailstorm                Conj/Ice       0%         3d3       99%         3
 Metabolic Englaciation   Hex/Ice        0%         N/A       100%        5
 Plasma Beam              Fire/Air       0%         2x1d11    100%        6


Dungeon Overview and Level Annotations

Branches:
Dungeon (1/1)

Altars:
Cheibriados
Dithmenos
Elyvilon
Fedhas
Gozag
Hepliaklqana
Kikubaaqudgha
Makhleb
Nemelex Xobeh
Okawaru
Qazlal
Ru
Sif Muna
Trog
Uskayaw
Vehumet
Wu Jian
Xom
Yredelemnul
Zin
The Shining One
Jiyva
Lugonu

Shops:
D *(:!


Innate Abilities, Weirdness & Mutations

You have a pair of horns on your head.
You reflexively headbutt those who attack you in melee.


Message History

The white very ugly thing gurgles horribly!
You slice the cyan very ugly thing!!
You kill the cyan very ugly thing!
The spriggan air mage hits you.
* * * LOW HITPOINT WARNING * * *
You puncture the spriggan air mage!
The spriggan air mage is moderately wounded.
You barely miss the spriggan air mage.
The spriggan air mage is moderately wounded.
The spriggan air mage barely misses you.
A brown very ugly thing comes into view.
The brown very ugly thing gurgles horribly!
You puncture the spriggan air mage!
The spriggan air mage is heavily wounded.
You hear a deafening roar!
The spriggan air mage completely misses you.
You barely miss the spriggan air mage.
The spriggan air mage is heavily wounded.
You puncture the spriggan air mage!
Your headbutt misses the spriggan air mage.
The spriggan air mage is almost dead.
The spriggan air mage hits you but does no damage.
You impale the spriggan air mage!!
You kill the spriggan air mage!
You impale the glowing orange brain!! You headbutt the glowing orange brain!
The glowing orange brain is heavily wounded.
You impale the glowing orange brain!! You headbutt the glowing orange brain.
You kill the glowing orange brain!
The Shining One accepts your kill.
You feel better.
You puncture the white very ugly thing!
You headbutt the white very ugly thing, but do no damage.
The white very ugly thing is lightly wounded.
You slash the white very ugly thing!
Your headbutt misses the white very ugly thing.
The white very ugly thing is lightly wounded.
The white very ugly thing pecks you.
* * * LOW HITPOINT WARNING * * *
The white very ugly thing freezes you!!
You die...

▓.▓.▓.▓'▓.▓)▓
▓.▓.▓.▓.▓!▓.▓)▓
▓.▓.▓∩▓.▓.▓.▓.▓
▓.▓.▓.▓.▓[▓.▓'▓
▓Q▓.▓∩▓.▓.▓.▓=▓
▓u▓.▓.▓.▓.▓.▓=▓
▓.▓.▓∩▓.▓.▓.▓.▓
▓u▓.▓.▓.▓.▓.▓[▓
▓@▓.▓∩▓.▓.▓.▓.▓
▓.▓.▓.▓.▓.▓.▓[▓
▓)▓.▓.▓.▓.▓.▓)▓
▓(▓.▓?▓.▓.▓.▓?▓
▓)▓.▓?▓.▓.▓.▓!▓
▓.▓.▓.▓.▓†▓.▓'▓
▓.▓.▓[▓.▓.▓.▓_▓
▓.▓.▓.▓.▓.▓.▓_▓
▓.▓.▓.▓.▓.▓.▓_▓


You could see 2 very ugly things and a tengu conjurer.

Vanquished Creatures
  A very ugly thing (D)
  Josephine (D)
  A hydra (D)
  A spriggan air mage (D)
  3 ogre magi (D)
  A centaur warrior (D)
  A boulder beetle (D)
  An orc high priest (D)
  Urug (D)
  A glowing orange brain (shapeshifter) (D)
  7 deep trolls (D)
  4 cyclopes (D)
  2 manticores (D)
  An orc sorcerer (D)
  2 black mambas (D)
  3 cane toads (D)
  A rime drake (D)
  2 komodo dragons (D)
  A polar bear (D)
  5 trolls (D)
  2 tyrant leeches (D)
  3 slime creatures (D)
  A shadow (D)
  A vampire (D)
  6 wraiths (D)
  3 yaks (D)
  2 vampire mosquitoes (D)
  4 water moccasins (D)
  8 orc warriors (D)
  An ice beast (D)
  A wolf (D)
  A centaur (D)
  5 bullfrogs (D)
  A hound (D)
  A jelly (D)
  6 orc priests (D)
  2 orc wizards (D)
  A hell rat (D)
  A white imp (D)
  9 orcs (D)
  2 bats (D)
  A goblin (D)
  A hobgoblin (D)
  A rat (D)
104 creatures vanquished.

Notes
Turn   | Place    | Note
-------+----------+-------------------------------------------
     0 | D        | Heoruswealwe the Minotaur Fighter began the quest for the
                  | Orb.
     0 | D        | Reached XP level 1. HP: 19/19 MP: 0/0
     6 | D        | Reached skill level 3 in Polearms
    22 | D        | Noticed an ice beast
    22 | D        | Noticed a jelly
    22 | D        | Noticed a hound
    29 | D        | Killed a hound
    30 | D        | Reached skill level 5 in Fighting
    30 | D        | Reached skill level 6 in Polearms
    30 | D        | Reached skill level 5 in Armour
    30 | D        | Reached XP level 2. HP: 8/29 MP: 1/1
    30 | D        | Reached XP level 3. HP: 10/36 MP: 2/2
    42 | D        | Reached skill level 7 in Polearms
    42 | D        | Reached XP level 4. HP: 32/44 MP: 3/3
    46 | D        | Killed an ice beast
    47 | D        | Reached skill level 9 in Polearms
    47 | D        | Reached XP level 5. HP: 27/52 MP: 4/4
    53 | D        | Found a snail-covered altar of Cheibriados.
    53 | D        | Found a shadowy altar of Dithmenos.
    53 | D        | Found a white marble altar of Elyvilon.
    53 | D        | Found a blossoming altar of Fedhas.
    53 | D        | Found an opulent altar of Gozag.
    54 | D        | Found a hazy altar of Hepliaklqana.
    55 | D        | Found a viscous altar of Jiyva.
    56 | D        | Found an ancient bone altar of Kikubaaqudgha.
    57 | D        | Found a corrupted altar of Lugonu.
    58 | D        | Found a burning altar of Makhleb.
    59 | D        | Found a sparkling altar of Nemelex Xobeh.
    60 | D        | Found an iron altar of Okawaru.
    61 | D        | Found a stormy altar of Qazlal.
    62 | D        | Found a sacrificial altar of Ru.
    63 | D        | Found a shimmering blue altar of Sif Muna.
    64 | D        | Found a bloodstained altar of Trog.
    65 | D        | Found a hide-covered altar of Uskayaw.
    66 | D        | Found a radiant altar of Vehumet.
    67 | D        | Found an ornate altar of the Wu Jian Council.
    68 | D        | Found a shimmering altar of Xom.
    69 | D        | Found a basalt altar of Yredelemnul.
    70 | D        | Found a glowing silver altar of Zin.
    71 | D        | Found a glowing golden altar of the Shining One.
    79 | D        | Became a worshipper of the Shining One
   138 | D        | Noticed a komodo dragon
   138 | D        | Noticed a centaur
   138 | D        | Reached * piety under the Shining One
   138 | D        | Noticed a shadow
   138 | D        | Noticed a yak
   138 | D        | Noticed a vampire
   138 | D        | Reached ** piety under the Shining One
   146 | D        | Killed a vampire
   147 | D        | Reached skill level 11 in Polearms
   147 | D        | Reached XP level 6. HP: 30/62 MP: 5/5
   153 | D        | Killed a yak
   154 | D        | Reached skill level 12 in Polearms
   157 | D        | Killed a shadow
   158 | D        | Reached skill level 10 in Fighting
   158 | D        | Reached skill level 13 in Polearms
   158 | D        | Reached skill level 10 in Armour
   158 | D        | Reached XP level 7. HP: 45/72 MP: 6/6
   166 | D        | Killed a komodo dragon
   167 | D        | Reached skill level 14 in Polearms
   168 | D        | Reached *** piety under the Shining One
   282 | D        | Noticed a manticore
   282 | D        | Noticed a wraith
   282 | D        | Noticed a cyclops
   282 | D        | Noticed a manticore
   282 | D        | Reached **** piety under the Shining One
   282 | D        | Noticed a slime creature
   282 | D        | Noticed a cyclops
   287 | D        | Killed a cyclops
   288 | D        | Reached skill level 15 in Polearms
   288 | D        | Reached XP level 8. HP: 49/83 MP: 7/7
   291 | D        | Killed a slime creature
   292 | D        | Reached skill level 16 in Polearms
   297 | D        | Killed a manticore
   300 | D        | Killed a cyclops
   301 | D        | Reached skill level 17 in Polearms
   301 | D        | Reached XP level 9. HP: 61/93 MP: 8/8
   309 | D        | Killed a manticore
   310 | D        | Reached skill level 18 in Polearms
   579 | D        | Reached ***** piety under the Shining One
   579 | D        | Noticed a komodo dragon
   579 | D        | Noticed a cane toad
   587 | D        | Killed a cane toad
   588 | D        | Killed a komodo dragon
   592 | D        | Noticed a black mamba
   597 | D        | Reached skill level 19 in Polearms
   605 | D        | Killed a black mamba
   606 | D        | Reached XP level 10. HP: 87/104 MP: 9/9
   698 | D        | Noticed a four-headed hydra
   705 | D        | Noticed a black mamba
   705 | D        | Reached ****** piety under the Shining One
   712 | D        | Killed an eight-headed hydra
   713 | D        | Reached skill level 15 in Fighting
   713 | D        | Reached skill level 20 in Polearms
   713 | D        | Reached skill level 15 in Armour
   727 | D        | Killed a black mamba
   802 | D        | Noticed a cane toad
   802 | D        | Noticed a cane toad
   806 | D        | Killed a cane toad
   807 | D        | Reached skill level 21 in Polearms
   808 | D        | Killed a cane toad
  1003 | D        | Noticed Urug
  1011 | D        | Killed Urug
  1012 | D        | Reached XP level 11. HP: 113/115 MP: 10/10
  1092 | D        | Reached skill level 22 in Polearms
  1167 | D        | Noticed an orc high priest
  1180 | D        | Noticed an orc sorcerer
  1182 | D        | Killed an orc high priest
  1197 | D        | Killed an orc sorcerer
  1446 | D        | Found Veariegru's Distillery.
  1446 | D        | Noticed a deep troll
  1446 | D        | Noticed a deep troll
  1446 | D        | Noticed a deep troll
  1446 | D        | Noticed a deep troll
  1451 | D        | Killed a deep troll
  1452 | D        | Reached skill level 23 in Polearms
  1455 | D        | Killed a deep troll
  1458 | D        | Killed a deep troll
  1462 | D        | Killed a deep troll
  1468 | D        | Found Nish's Book Shop.
  1470 | D        | Noticed a deep troll
  1475 | D        | Noticed an ogre mage
  1483 | D        | Killed a deep troll
  1487 | D        | Killed an ogre mage
  1488 | D        | Reached skill level 24 in Polearms
  1491 | D        | Noticed a deep troll
  1492 | D        | Found Komias's Weapon Boutique.
  1504 | D        | Killed a deep troll
  1516 | D        | Found Fetreuhe's Assorted Antiques.
  1573 | D        | Noticed a deep troll
  1580 | D        | Killed a deep troll
  1610 | D        | Bought a potion of mutation for 152 gold pieces
  1610 | D        | Bought a scroll of identify for 38 gold pieces
  1610 | D        | Bought a black potion for 17 gold pieces
  1610 | D        | Bought a scroll labelled FECUAK TOECWIMI for 19 gold pieces
  1610 | D        | Bought a scroll labelled JUQIL EPLUOSH for 19 gold pieces
  1616 | D        | Bought a potion of mutation for 80 gold pieces
  1616 | D        | Bought a potion of curing for 30 gold pieces
  1616 | D        | Bought a potion of heal wounds for 50 gold pieces
  1616 | D        | Bought a potion of flight for 30 gold pieces
  1616 | D        | Bought a potion of resistance for 100 gold pieces
  1703 | D        | Noticed Josephine
  1712 | D        | Killed Josephine
  1713 | D        | Reached skill level 25 in Polearms
  1713 | D        | Reached XP level 12. HP: 128/128 MP: 11/11
  1753 | D        | Found the +9 staff of Olgreb {rPois∞}
  1870 | D        | Bought the Annotations on Polar Pyromania for 460 gold
                  | pieces
  1974 | D        | Learned a level 3 spell: Ignite Poison
  2032 | D        | Noticed a boulder beetle
  2032 | D        | Noticed an ogre mage
  2032 | D        | Noticed an ogre mage
  2037 | D        | Killed an ogre mage
  2039 | D        | Killed an ogre mage
  2041 | D        | Noticed a centaur warrior
  2058 | D        | Killed a boulder beetle
  2066 | D        | Killed a centaur warrior
  2067 | D        | Reached skill level 26 in Polearms
  2069 | D        | Noticed a cyan very ugly thing
  2069 | D        | Noticed a spriggan air mage
  2072 | D        | a lindwurm changed into a two-headed ogre
  2072 | D        | Noticed a two-headed ogre (glowing shapeshifter)
  2073 | D        | a two-headed ogre changed into a death drake
  2076 | D        | Noticed a white very ugly thing
  2077 | D        | Killed a cyan very ugly thing
  2080 | D        | Noticed a brown very ugly thing
  2083 | D        | Killed a spriggan air mage
  2087 | D        | Slain by a white very ugly thing

Illustrated notes

Levels and vault maps discovered:
D:        linesprint [early_d, line_temple, items_1, d_10, items_2, lair_1,
          lair_end, items_3, orc_1, orc_end, items_4, d_15, swamp_1, shoals_1,
          snake_1, spider_1, d_20, vaults_1, items_5, swamp_end, shoals_end,
          snake_end, spider_end, vaults_end, d_27, items_6, zot_1, zot_end,
          crypt_end, forest_end, elf_end, slime_end, tomb_end, abyss_end,
          pan_hell_end]

Skill      XL: |  1  2  3  4  5  6  7  8  9 10 11 12 |
---------------+-------------------------------------+-----
Polearms       | 6 7 9 11 13 15 17 19 21 25 26 | 26.5
Fighting       | 5 6 7 8 10 11 13 14 16 18 19 | 19.8
Armour         | 5 6 7 8 10 11 13 14 16 18 19 | 19.8
Shields        | |  3.6

Action                     |  1- 3 |  4- 6 |  7- 9 | 10-12 || total
---------------------------+-------+-------+-------+-------++-------
  Melee: Trident           |    29 |     5 |       |       ||    34
         Headbutt          |     2 |     6 |    14 |    60 ||    82
         Halberd           |       |    13 |    59 |   239 ||   311
    Use: Potion            |     1 |       |     2 |     1 ||     4
         Scroll            |       |       |       |     4 ||     4
 Armour: Scale mail        |    14 |     1 |       |       ||    15
         Chain mail        |       |    10 |    25 |    32 ||    67
         Plate armour      |       |       |       |    27 ||    27
         Storm dragon scal |       |       |       |    14 ||    14
  Dodge: Dodged            |     7 |     7 |    17 |    44 ||    75
  Block: Buckler           |     7 |       |       |       ||     7
